cohdb
Replays
Latest Replays
All Replays
Popular Replays
Top Player Replays
Match Explorer
How It Works
Community
CoH3 Stats
Reddit
Sign in to upload your games and track your stats! →
Sign in with Steam
Match 45886595
Unlisted
Match 45886595
Overview
Messages
Build Orders
End
Selects Luftwaffe Battlegroup
Selects Luftwaffe Pioneer Support
Fallschirmpioneer Squad Paradrop
Construct Infanterie Kompanie
MG 42 Machine Gun Team
Fallschirmpioneer Squad Paradrop
Selects Stuka Strafing Run
Construct Luftwaffe Kompanie
Selects Fallschirmjäger Squad Paradrop
Fallschirmjäger Squad Paradrop
Medical Station
Jäger Squad
Construct Panzer Kompanie
Panzer IV Medium Tank
Fallschirmjäger Squad Paradrop
Selects LG40 Recoilless Gun Paradrop
Selects Infantry Reserves
Napa
JBoss
Olg
rocketpossum
0
0
Comments
sign in to comment!
No comments posted yet!